AoeStats
← Onkel_Phil

Black Forest

507495785Analyzed
4v4 RM · 15d ago on Sep 18, 2026· 81m 46s· 8 players
Game mode
Random Map
Map size
Large (8 player)
Population
200
Speed
Normal
Resources
Standard
Victory
Conquest
Starting age
Dark Age
Ending age
Imperial Age
RankedLock teamsTeams togetherTeam positionsShared explorationLock speedFull tech treeHidden civsTurbo modeCheats
Victory
Defeat
🇩🇪 Romans · Germany
616
+16
🇫🇷 Khmer · France
591
+17
🇫🇷 Persians · France
580
+18
🇮🇹 Turks · Italy
575
+18
🇹🇷 Persians · Türkiye
690
-21
🇨🇳 Mongols · China
616
-17
🇻🇳 Turks · Vietnam
596
-16
🇳🇴 Franks · Norway
569
-15
plume300
0:28 Loom
13:24 Feudal Age
13:46 Horse Collar
14:05 Double-Bit Axe
14:14 Stone Mining
14:42 Gold Mining
16:37 Wheelbarrow
22:33 Castle Age
22:30 Forging
23:00 Scale Barding Armor
23:15 Heavy Plow
24:13 Bow Saw
25:56 Stone Shaft Mining
26:51 Gold Shaft Mining
31:58 Imperial Age
30:53 Bloodlines
30:45 Husbandry
32:19 Iron Casting
32:07 Chain Barding Armor
32:14 Hand Cart
33:18 Conscription
34:29 Blast Furnace
37:06 Crop Rotation
37:47 Double Crossbow
39:48 Elite Ballista Elephant
41:00 Devotion
42:16 Hoardings
42:37 Plate Barding Armor
42:32 Heated Shot
45:11 Chemistry
46:43 Elite Battle Elephant
48:30 Fortified Wall
52:22 Ballistics
54:52 Tusk Swords
Onkel_Phil
10:09 Feudal Age
9:32 Loom
18:17 Castle Age
16:19 Stone Mining
16:36 Double-Bit Axe
17:04 Horse Collar
18:19 Gold Mining
20:17 Wheelbarrow
21:10 Heavy Plow
21:19 Scale Mail Armor
27:06 Forging
27:36 Man-at-Arms
31:50 Bow Saw
33:00 Ballistics
33:56 Gold Shaft Mining
34:25 Hand Cart
34:38 Long Swordsman
34:39 Pikeman
35:20 Squires
40:24 Imperial Age
37:44 Town Watch
38:57 Ballistas
41:37 Iron Casting
41:18 Chain Mail Armor
42:10 Chemistry
43:57 Legionary
44:01 Heavy Scorpion
51:05 Blast Furnace
50:06 Padded Archer Armor
50:06 Murder Holes
49:35 Halberdier
53:24 Onager
61:19 Elite Centurion
armand.clement.1234
0:29 Loom
12:18 Feudal Age
14:32 Wheelbarrow
14:24 Double-Bit Axe
22:57 Gold Mining
22:59 Stone Mining
25:32 Horse Collar
28:02 Castle Age
27:45 Fletching
27:59 Padded Archer Armor
28:23 Scale Barding Armor
27:53 Pikeman
28:37 Squires
28:24 Arson
28:48 Caravan
29:08 Hand Cart
29:11 Bow Saw
29:06 Heavy Plow
31:05 Thumb Ring
31:24 Leather Archer Armor
33:36 Gold Shaft Mining
33:38 Stone Shaft Mining
38:11 Imperial Age
36:19 Kamandaran
37:09 Bodkin Arrow
37:36 Chain Barding Armor
37:46 Crossbowman
38:59 Conscription
41:01 Hoardings
39:59 Sappers
43:06 Ring Archer Armor
46:19 Masonry
46:08 Murder Holes
46:35 Ballistics
47:16 Chemistry
46:48 Citadels
49:06 Elite War Elephant
59:35 Plate Barding Armor
59:11 Forging
59:02 Scale Mail Armor
58:26 Halberdier
60:50 Architecture
61:00 Parthian Tactics
67:31 Iron Casting
67:12 Chain Mail Armor
68:02 Two-Man Saw
67:39 Crop Rotation
Davide FIR
5:29 Loom
6:30 Loom
14:41 Feudal Age
15:08 Double-Bit Axe
15:04 Horse Collar
16:24 Wheelbarrow
17:36 Town Watch
19:36 Gold Mining
22:59 Stone Mining
26:20 Castle Age
26:49 Fletching
27:01 Padded Archer Armor
27:15 Bow Saw
27:07 Heavy Plow
28:20 Thumb Ring
30:59 Husbandry
33:46 Squires
34:26 Hand Cart
36:11 Town Patrol
37:19 Leather Archer Armor
38:37 Gold Shaft Mining
38:02 Bodkin Arrow
38:32 Ballistics
44:27 Imperial Age
42:19 Murder Holes
45:06 Forging
45:02 Scale Barding Armor
79:21 Iron Casting
78:46 Scale Mail Armor
79:07 Chain Barding Armor
78:47 Bracer
79:17 Ring Archer Armor
bensigvald
0:36 Loom
12:55 Feudal Age
14:17 Wheelbarrow
14:41 Town Watch
21:19 Double-Bit Axe
27:10 Castle Age
29:45 Bow Saw
29:39 Caravan
34:46 Hand Cart
40:08 Imperial Age
38:48 Husbandry
39:04 Forging
38:55 Padded Archer Armor
38:46 Fletching
39:02 Scale Barding Armor
38:58 Scale Mail Armor
41:13 Fortified Wall
42:28 Chemistry
41:21 Cavalier
42:52 Conscription
43:05 Gold Mining
43:11 Stone Mining
44:07 Chain Barding Armor
44:03 Chain Mail Armor
44:35 Murder Holes
45:38 Masonry
48:16 Leather Archer Armor
51:49 Chain Mail Armor
54:21 Architecture
DorsalMold8400
13:11 Feudal Age
14:32 Wheelbarrow
13:48 Loom
14:18 Loom
15:29 Double-Bit Axe
15:29 Horse Collar
15:59 Gold Mining
18:16 Town Watch
23:56 Castle Age
24:45 Stone Mining
25:16 Hand Cart
26:03 Man-at-Arms
30:31 Bow Saw
30:24 Heavy Plow
31:02 Gold Shaft Mining
31:00 Long Swordsman
37:28 Fortified Wall
38:18 Scale Mail Armor
38:22 Padded Archer Armor
44:04 Imperial Age
76:35 Elite Janissary
Yolgezer442
0:43 Loom
12:24 Feudal Age
16:16 Horse Collar
19:30 Castle Age
18:24 Stone Mining
23:15 Double-Bit Axe
28:14 Town Watch
32:47 Wheelbarrow
32:53 Stone Shaft Mining
33:00 Fletching
34:14 Caravan
34:47 Bow Saw
34:39 Heavy Plow
34:33 Gold Mining
35:57 Hand Cart
36:37 Gold Shaft Mining
37:43 Town Patrol
37:41 Bodkin Arrow
37:44 Murder Holes
38:10 Ballistics
38:01 Masonry
41:13 Imperial Age
39:42 Kamandaran
39:50 Kamandaran
40:28 Squires
40:13 Arson
40:14 Gambesons
40:08 Pikeman
41:33 Forging
41:56 Conscription
41:50 Citadels
41:03 Elite War Elephant
43:10 Two-Man Saw
42:48 Crop Rotation
43:05 Thumb Ring
42:22 Crossbowman
44:44 Padded Archer Armor
45:20 Iron Casting
44:52 Scale Barding Armor
46:16 Leather Archer Armor
48:09 Blast Furnace
47:09 Scale Mail Armor
49:32 Halberdier
50:40 Parthian Tactics
49:36 Heavy Cavalry Archer
54:39 Architecture
58:49 Chemistry
58:49 Chain Mail Armor
59:04 Ring Archer Armor
58:13 Onager
63:42 Hoardings
63:45 Plate Mail Armor
63:36 Chain Barding Armor
63:43 Bloodlines
63:36 Husbandry
62:57 Light Cavalry
65:07 Guard Tower
1609318730
0:53 Loom
13:12 Feudal Age
14:46 Wheelbarrow
14:02 Double-Bit Axe
15:44 Gold Mining
15:40 Horse Collar
16:33 Stone Mining
24:14 Castle Age
25:18 Hand Cart
25:42 Stone Shaft Mining
25:48 Gold Shaft Mining
25:26 Bow Saw
25:19 Heavy Plow
28:48 Husbandry
28:58 Bloodlines
29:59 Caravan
38:05 Imperial Age
38:59 Padded Archer Armor
38:50 Fletching
39:10 Forging
39:01 Scale Mail Armor
39:07 Scale Barding Armor
39:07 Nomads
38:28 Elite Mangudai
39:27 Masonry
39:13 Murder Holes
39:28 Fortified Wall
39:09 Guard Tower
41:58 Conscription
42:00 Drill
41:40 Heavy Scorpion
42:53 Sappers
43:59 Hoardings
42:57 Elite Steppe Lancer
43:05 Elite Skirmisher
43:54 Light Cavalry
52:39 Hussar
53:27 Herbal Medicine
53:33 Devotion
53:53 Heresy
61:05 Faith
60:46 Atonement
60:57 Fervor
60:09 Cavalier
60:09 Heavy Camel Rider
Connection lost

Rejoining the realm…

Still unreachable

The connection could not be restored.

Session expired

The server has moved on; the page needs a fresh start.